 Dungeon Crawl Stone Soup version 0.27.1-1-g398f81649c (webtiles) character file.

Game seed: 17568575480601224412

33971 MisterFreud the Blocker (level 13, -5/104 HPs)
             Began as a Gnoll Fighter on Sept 8, 2021.
             Was a High Priest of Qazlal.
             Slain by a wolf spider (10 damage)
             ... on level 6 of the Lair of Beasts.
             The game lasted 00:26:55 (16673 turns).

MisterFreud the Blocker (Gnoll Fighter)            Turns: 16673, Time: 00:26:56

Health: -5/104     AC: 25    Str: 15    XL:     13   Next: 74%
Magic:  25/25      EV: 13    Int: 15    God:    Qazlal [*****.]
Gold:   542        SH: 24    Dex: 13    Spells: 25/29 levels left

rFire    . . .     SeeInvis +   u - +6 spear of Vera {vorpal, Will++}
rCold    . . .     Faith    .   c - +1 kite shield
rNeg     + . .     Spirit   .   O - +4 chain mail of the Mackerel {Slay+2}
rPois    .         Reflect  +   p - +1 helmet
rElec    .         Harm     .   w - +1 cloak
rCorr    .         Rampage  .   D - +0 pair of gloves "Solu" {Fly rN+ Int+3}
Will     ++...                  (no boots)
Stlth    +.........             y - amulet of reflection
HPRegen  0.27/turn              X - ring of see invisible
MPRegen  0.19/turn              N - +4 ring of evasion

@: lethally poisoned (-5 -> -35), protected from physical damage, flying, repel
missiles
A: fangs 1, strong nose, distributed training
a: Renounce Religion, Upheaval, Elemental Force, Disaster Area


You were on level 6 of the Lair of Beasts.
You worshipped Qazlal.
Qazlal was extremely pleased with you.
You visited 2 branches of the dungeon, and saw 18 of its levels.

You collected 886 gold pieces.
You spent 344 gold pieces at shops.

Inventory:

Hand Weapons
 u - the +6 spear of Vera (weapon) {vorpal, Will++}
   (You found it on level 4 of the Dungeon)

   It inflicts extra damage upon your enemies.
   Will:      It greatly increases your willpower.
 K - a +3 scimitar of flaming
Missiles
 l - 5 atropa-tipped darts
 r - 46 poisoned darts
 R - 2 silver boomerangs (quivered)
 S - 4 javelins
 W - 2 boomerangs
Armour
 b - a +0 scale mail
 c - a +1 kite shield (worn)
 p - a +1 helmet (worn)
 w - a +1 cloak (worn)
 D - the +0 pair of gloves "Solu" (worn) {Fly rN+ Int+3}
   (You found it on level 6 of the Dungeon)

   Int:       It affects your intelligence (+3).
   rN:        It protects you from negative energy.
   Fly:       It grants you flight.
 O - the +4 chain mail of the Mackerel (worn) {Slay+2}
   (You found it on level 2 of the Lair of Beasts)

   Slay:      It affects your accuracy & damage with ranged weapons and melee
   (+2).
 Q - +0 acid dragon scales
 V - a +2 robe of willpower
Jewellery
 y - an amulet of reflection (around neck)
 N - a +4 ring of evasion (right hand)
 X - a ring of see invisible (left hand)
 Y - a ring of magical power
Wands
 a - a wand of paralysis (6)
 v - a wand of acid (6)
 B - a wand of polymorph (16)
 E - a wand of flame (84)
 J - a wand of digging (23)
 M - a wand of iceblast (30)
 P - a wand of mindburst (16)
Scrolls
 e - 7 scrolls of teleportation
 f - a scroll of holy word
 i - 2 scrolls of fear
 k - 2 scrolls of enchant armour
 m - a scroll of amnesia
 q - 2 scrolls of blinking
 t - 2 scrolls of silence
 z - 3 scrolls of fog
 C - 3 scrolls of magic mapping
 Z - a scroll of summoning
Potions
 d - 4 potions of might
 g - 2 potions of magic {unknown}
 h - 3 potions of berserk rage
 j - 11 potions of curing
 n - 2 potions of invisibility
 o - 2 potions of attraction
 s - 2 potions of resistance
 x - 5 potions of brilliance
 A - 6 potions of haste
 F - 4 potions of lignification
 H - 6 potions of heal wounds
 I - a potion of mutation
 L - 2 potions of ambrosia {unknown}
 T - a potion of cancellation
 U - 3 potions of flight
Miscellaneous
 G - a phial of floods


   Skills:
 + Level 10.7 Fighting
 + Level 9.7 Short Blades
 + Level 8.5 Long Blades
 + Level 8.5 Axes
 + Level 8.5 Maces & Flails
 + Level 8.5 Polearms
 + Level 8.5 Staves
 + Level 8.5 Slings
 + Level 8.5 Bows
 + Level 8.5 Crossbows
 + Level 8.5 Throwing
 + Level 10.7 Armour
 + Level 8.5 Dodging
 + Level 8.5 Stealth
 + Level 10.7 Shields
 + Level 8.5 Unarmed Combat
 + Level 8.5 Spellcasting
 + Level 7.1 Conjurations
 + Level 7.1 Hexes
 + Level 7.1 Summonings
 + Level 7.1 Necromancy
 + Level 7.1 Translocations
 + Level 7.1 Transmutations
 + Level 7.1 Fire Magic
 + Level 7.1 Ice Magic
 + Level 7.1 Air Magic
 + Level 7.1 Earth Magic
 + Level 7.1 Poison Magic
 + Level 9.3 Invocations
 + Level 8.5 Evocations


You had 25 spell levels left.
You knew the following spells:

 Your Spells              Type           Power      Damage    Failure   Level
a - Passwall              Tmut/Erth      22%        N/A       19%         2
b - Blink                 Tloc           N/A        N/A       19%         2

Your spell library contained the following spells:

 Spells                   Type           Power      Damage    Failure   Level
 Sandblast                Erth           54%        2d13      12%         1
 Sting                    Tmut/Pois      100%       1d8       12%         1
 Poisonous Vapours        Pois/Air       54%        N/A       19%         2
 Sublimation of Blood     Necr           13%        N/A       19%         2
 Frozen Ramparts          Ice            54%        1d7       36%         3
 Gell's Gravitas          Tloc           13%        N/A       36%         3
 Lesser Beckoning         Tloc           13%        N/A       36%         3
 Teleport Other           Tloc           27%        N/A       36%         3
 Animate Dead             Necr           13%        N/A       77%         4
 Ice Form                 Ice/Tmut       27%        N/A       77%         4
 Olgreb's Toxic Radiance  Pois           27%        N/A       77%         4
 Petrify                  Tmut/Erth      27%        N/A       77%         4
 Summon Ice Beast         Ice/Summ       27%        N/A       77%         4
 Irradiate                Conj/Tmut      13%        3d17      98%         5
 Lee's Rapid Deconstruct  Erth           13%        3d10*     98%         5
 Manifold Assault         Tloc           27%        N/A       98%         5
 Death Channel            Necr           13%        N/A       100%        6
 Dispersal                Tloc           13%        N/A       100%        6
 Haunt                    Necr/Summ      13%        N/A       100%        7
 Monstrous Menagerie      Summ           13%        N/A       100%        7
 Spellforged Servitor     Conj/Summ      13%        N/A       100%        7
 Infestation              Necr           13%        N/A       100%        8


Dungeon Overview and Level Annotations

Branches:
Dungeon (13/15)            Temple (0/1) D:6            Lair (6/6) D:8
 Spider (0/4) Lair:2          Orc (0/2) D:11
  Swamp: Lair:2-4    Shoals: Lair:2-4     Slime: Lair:5-6    Vaults: D:13-14

Altars:
Ashenzari
Cheibriados
Dithmenos
Kikubaaqudgha
Qazlal
Vehumet
Xom
The Shining One

Shops:
D:4 *   D:7 !

Annotations:
D:12 3 runed translucent doors, Zirot's ghost, journeyman GrFi
Lair:2 1 runed translucent door, Gwenloh's ghost, journeyman MiFi


Innate Abilities, Weirdness & Mutations

You have very sharp teeth.
Your uncanny sense of smell can sniff out nearby items.
Your experience applies equally to all skills.


Message History

* * * LOW HITPOINT WARNING * * *
You feel sick.
You feel sick.
The wolf spider is engulfed in freezing vapours.
You block the wolf spider's attack.
The wolf spider bites you but does no damage.
You feel sick.
The wolf spider is engulfed in blazing flames.
You feel sick. You block the wolf spider's attack.
The wolf spider bites you but does no damage.
You feel sick.
You are no longer poisoned.
You block the wolf spider's attack. x2
You hear a roar!
Okay, then.
The wolf spider is engulfed in freezing vapours.
The wolf spider hits you but does no damage.
You block the wolf spider's attack.
Aiming: Paralyse
Press: ? - help, Shift-Dir - straight line, f - wolf spider
Aim: a wolf spider (heavily wounded, chance to affect: 70%)
The wolf spider struggles to resist.
The wolf spider hits you!
* * * LOW HITPOINT WARNING * * *
The wolf spider bites you.
* * * LOW HITPOINT WARNING * * *
You are lethally poisoned!
The wolf spider poisons you! The wolf spider misses you.
You block the wolf spider's attack.
Unknown command.
Unknown command.
Aiming: Corrosive Bolt
Press: ? - help, Shift-Dir - straight line, f/p - wolf spider
Aim: a wolf spider (moderately wounded, 74% to hit)
The bolt of acid hits the wolf spider!
The wolf spider is splashed with acid.
The acid corrodes the wolf spider!
The wolf spider is almost dead.
* * * LOW HITPOINT WARNING * * *
You feel extremely sick. You block the wolf spider's attack.
The wolf spider bites you!
You die...

####.#.#....##.#..#..#
#.....................
#.....................
#P....................
##....###.########....
#.....P##...#..##...#
#.....☼..............
#.☼.°s...D...........
#.○.@..P.P...........
##..°.#.#P...P........
#...○§######..........
#.....# ##........†
#.....########........
##P...PP.#..###........
#..P...................
###........†...........
#.....................


You could see a seven-headed hydra and a wolf spider (corroded).

Vanquished Creatures
  Gastronok (D:8)
  Fannar (Lair:1)
  Erolcha (D:11)
  A hydra (Lair:6)
  A catoblepas (Lair:2)
  Erica (D:8)
  5 two-headed ogres
  Nergalle (Lair:1)
  2 cyclopes (D:12)
  2 manticores
  2 ugly things
  5 black mambas
  A gargoyle (D:9)
  An unseen horror (D:12)
  5 cane toads
  A kobold demonologist (D:10)
  4 rime drakes
  8 komodo dragons
  A troll (D:11)
  A polar bear (Lair:6)
  5 blink frogs (Lair:2)
  A meliai zombie (D:10)
  A dream sheep (Lair:6)
  A vampire (D:12)
  2 redbacks
  A shadow (D:9)
  3 wraiths
  A wyvern (Lair:3)
  34 yaks
  4 basilisks
  An acid dragon (D:9)
  10 water moccasins
  3 orc warriors
  A sky beast (D:7)
  An ice beast (D:8)
  2 black bears
  3 necrophages
  2 ogres (D:5)
  A phantom (D:7)
  5 wolves
  A centaur (D:5)
  A kobold brigand (D:8)
  6 bullfrogs
  4 scorpions
  A water moccasin zombie (D:4)
  9 killer bees
  14 wights
  An electric eel (Lair:1)
  6 howler monkeys
  A bullfrog zombie (D:5)
  11 centaur zombies
  2 gnoll shamans (D:9)
  4 hounds
  A jelly (D:8)
  A human zombie (D:10)
  3 orc priests
  2 centaur skeletons
  2 iguanas
  A scorpion zombie (D:4)
  8 orc wizards
  2 hound zombies (D:4)
  A mummy (D:10)
  3 howler monkey zombies
  Robin (D:2)
  8 gnolls (D:9)
  4 river rats (D:6)
  3 adders
  A shadow imp (D:7)
  An ufetubus (D:6)
  An adder zombie (D:4)
  3 adder skeletons (D:4)
  8 worms
  2 dart slugs (D:2)
  24 orcs
  3 endoplasms
  2 giant cockroaches
  10 goblins
  3 hobgoblins
  5 jackals
  2 quokkas
  7 ball pythons
  2 bats
  10 kobolds
  8 rats
320 creatures vanquished.

Vanquished Creatures (others)
  2 two-headed ogres (D:9)
  A yak (D:9)
  An acid dragon (D:9)
  2 orc warriors (D:9)
  2 kobold brigands (D:9)
  A bullfrog (D:9)
  2 killer bees (D:9)
  21 fungi
  40 plants
  A withered plant (Lair:2)
73 creatures vanquished.

Grand Total: 393 creatures vanquished

Notes
Turn   | Place    | Note
-------+----------+-------------------------------------------
     0 | D:1      | MisterFreud the Gnoll Fighter began the quest for the Orb.
     0 | D:1      | Reached XP level 1. HP: 23/23 MP: 1/1
   255 | D:1      | Reached XP level 2. HP: 29/29 MP: 2/2
   315 | D:1      | Found a faded altar of an unknown god.
   327 | D:1      | Became a worshipper of Qazlal Stormbringer
   327 | D:1      | Reached * piety under Qazlal
   801 | D:2      | Reached XP level 3. HP: 34/35 MP: 3/3
   964 | D:2      | Reached skill level 1 in Invocations
  1195 | D:2      | Reached skill level 1 in Long Blades
  1195 | D:2      | Reached skill level 1 in Axes
  1195 | D:2      | Reached skill level 1 in Maces & Flails
  1195 | D:2      | Reached skill level 1 in Polearms
  1195 | D:2      | Reached skill level 1 in Staves
  1195 | D:2      | Reached skill level 1 in Slings
  1195 | D:2      | Reached skill level 1 in Bows
  1195 | D:2      | Reached skill level 1 in Crossbows
  1195 | D:2      | Reached skill level 1 in Throwing
  1195 | D:2      | Reached skill level 1 in Dodging
  1195 | D:2      | Reached skill level 1 in Stealth
  1195 | D:2      | Reached skill level 1 in Unarmed Combat
  1195 | D:2      | Reached skill level 1 in Spellcasting
  1195 | D:2      | Reached skill level 1 in Evocations
  1362 | D:2      | Reached XP level 4. HP: 39/41 MP: 5/5
  1433 | D:2      | Noticed Robin
  1459 | D:2      | Killed Robin
  1634 | D:3      | Reached ** piety under Qazlal
  1641 | D:3      | Reached skill level 1 in Conjurations
  1641 | D:3      | Reached skill level 1 in Hexes
  1641 | D:3      | Reached skill level 1 in Summonings
  1641 | D:3      | Reached skill level 1 in Necromancy
  1641 | D:3      | Reached skill level 1 in Translocations
  1641 | D:3      | Reached skill level 1 in Transmutations
  1641 | D:3      | Reached skill level 1 in Fire Magic
  1641 | D:3      | Reached skill level 1 in Ice Magic
  1641 | D:3      | Reached skill level 1 in Air Magic
  1641 | D:3      | Reached skill level 1 in Earth Magic
  1641 | D:3      | Reached skill level 1 in Poison Magic
  1875 | D:3      | Reached XP level 5. HP: 27/47 MP: 5/7
  2553 | D:4      | Reached XP level 6. HP: 16/53 MP: 8/8
  2860 | D:4      | Identified the +6 spear of Vera {vorpal, Will++}
  3146 | D:4      | Reached skill level 5 in Short Blades
  3304 | D:4      | Found Vetofuts's General Store.
  3312 | D:4      | Bought a scroll of fog for 28 gold pieces
  3312 | D:4      | Bought a potion of haste for 140 gold pieces
  3557 | D:4      | Reached XP level 7. HP: 59/59 MP: 10/10
  3793 | D:5      | Entered Level 5 of the Dungeon
  3810 | D:5      | Reached *** piety under Qazlal
  4241 | D:5      | Reached XP level 8. HP: 67/67 MP: 12/12
  4911 | D:6      | Found a snail-covered altar of Cheibriados.
  5224 | D:6      | Identified the +0 pair of gloves "Solu" {Fly rN+ Int+3}
  5288 | D:6      | Found a staircase to the Ecumenical Temple.
  5978 | D:7      | Reached **** piety under Qazlal
  5979 | D:7      | Reached XP level 9. HP: 70/73 MP: 14/14
  6014 | D:7      | Found Bimung's Distillery.
  6055 | D:7      | Bought a potion of curing for 33 gold pieces
  6055 | D:7      | Bought a potion of heal wounds for 55 gold pieces
  6055 | D:7      | Bought a potion of might for 44 gold pieces
  6055 | D:7      | Bought a potion of might for 44 gold pieces
  6074 | D:7      | Found the +8 lance "Wyrmbane" {slay drac, rPois rF+ rC+
                  | AC+3}
  6426 | D:8      | Noticed Erica
  6652 | D:7      | Reached skill level 5 in Invocations
  6706 | D:8      | Killed Erica
  6707 | D:8      | Reached XP level 10. HP: 46/80 MP: 15/17
  6715 | D:8      | Reached skill level 5 in Long Blades
  6715 | D:8      | Reached skill level 5 in Axes
  6715 | D:8      | Reached skill level 5 in Maces & Flails
  6715 | D:8      | Reached skill level 5 in Polearms
  6715 | D:8      | Reached skill level 5 in Staves
  6715 | D:8      | Reached skill level 5 in Slings
  6715 | D:8      | Reached skill level 5 in Bows
  6715 | D:8      | Reached skill level 5 in Crossbows
  6715 | D:8      | Reached skill level 5 in Throwing
  6715 | D:8      | Reached skill level 5 in Dodging
  6715 | D:8      | Reached skill level 5 in Stealth
  6715 | D:8      | Reached skill level 5 in Unarmed Combat
  6715 | D:8      | Reached skill level 5 in Spellcasting
  6715 | D:8      | Reached skill level 5 in Evocations
  7092 | D:8      | Noticed Gastronok
  7110 | D:8      | Killed Gastronok
  7472 | D:8      | Found a staircase to the Lair.
  7573 | D:8      | Found a glowing golden altar of the Shining One.
  7683 | D:9      | Killed a two-headed ogre
  7689 | D:9      | Noticed a gargoyle
  7702 | D:9      | Killed a gargoyle
  7719 | D:9      | Killed a two-headed ogre
  8295 | D:9      | Reached XP level 11. HP: 87/87 MP: 19/19
  8328 | D:9      | Found a radiant altar of Vehumet.
  8797 | D:9      | Found a shimmering altar of Xom.
  9068 | D:9      | Learned a level 2 spell: Passwall
  9080 | D:10     | Entered Level 10 of the Dungeon
  9328 | D:10     | Reached skill level 5 in Conjurations
  9328 | D:10     | Reached skill level 5 in Hexes
  9328 | D:10     | Reached skill level 5 in Summonings
  9328 | D:10     | Reached skill level 5 in Necromancy
  9328 | D:10     | Reached skill level 5 in Translocations
  9328 | D:10     | Reached skill level 5 in Transmutations
  9328 | D:10     | Reached skill level 5 in Fire Magic
  9328 | D:10     | Reached skill level 5 in Ice Magic
  9328 | D:10     | Reached skill level 5 in Air Magic
  9328 | D:10     | Reached skill level 5 in Earth Magic
  9328 | D:10     | Reached skill level 5 in Poison Magic
  9537 | D:10     | Found a shadowy altar of Dithmenos.
  9663 | D:10     | Reached ***** piety under Qazlal
  9699 | D:10     | Found an ancient bone altar of Kikubaaqudgha.
  9916 | D:10     | Found a broken altar of Ashenzari.
 10170 | D:11     | Noticed a two-headed ogre
 10181 | D:11     | Killed a two-headed ogre
 10186 | D:11     | Noticed a two-headed ogre
 10191 | D:11     | Killed a two-headed ogre
 10296 | D:11     | Noticed Erolcha
 10329 | D:11     | Killed Erolcha
 10528 | D:11     | Noticed a green ugly thing
 10550 | D:11     | Killed a green ugly thing
 11068 | D:11     | Found a staircase to the Orcish Mines.
 11196 | D:12     | Noticed a manticore
 11211 | D:12     | Killed a manticore
 11212 | D:12     | Reached XP level 12. HP: 81/96 MP: 22/22
 11642 | D:12     | Found a runed translucent gate.
 11642 | D:12     | Found a runed translucent gate.
 11643 | D:12     | Found a runed translucent gate.
 11644 | D:12     | Noticed Zirot's ghost (journeyman GrFi)
 11751 | D:12     | Noticed a two-headed ogre
 11770 | D:12     | Killed a two-headed ogre
 11974 | D:12     | Noticed a two-headed ogre
 11978 | D:12     | Killed a two-headed ogre
 12534 | D:13     | Noticed a two-headed ogre
 12540 | D:13     | Killed a two-headed ogre
 12717 | D:13     | Noticed a fire dragon
 12882 | Lair:1   | Entered Level 1 of the Lair of Beasts
 13074 | Lair:1   | Noticed Fannar
 13123 | Lair:1   | Killed Fannar
 13392 | Lair:1   | Noticed Nergalle
 13409 | Lair:1   | Killed Nergalle
 13410 | Lair:1   | Reached skill level 10 in Fighting
 13410 | Lair:1   | Reached skill level 10 in Armour
 13410 | Lair:1   | Reached skill level 10 in Shields
 13852 | Lair:1   | Learned a level 2 spell: Blink
 14244 | Lair:2   | Identified a scroll of acquirement
 14244 | Lair:2   | Acquired Sif Muna's Papyrus of Black Arts and Companions
 14335 | Lair:2   | Found a hole to the Spider Nest.
 14398 | Lair:2   | Noticed a catoblepas
 14424 | Lair:2   | Killed a catoblepas
 15099 | Lair:2   | Identified the +4 chain mail of the Mackerel {Slay+2}
 15295 | Lair:2   | Found a runed translucent door.
 15295 | Lair:2   | Noticed Gwenloh's ghost (journeyman MiFi)
 15481 | Lair:3   | Reached XP level 13. HP: 57/103 MP: 24/24
 16265 | Lair:3   | You are sucked into a shaft and drop 3 floors!
 16265 | Lair:6   | Entered Level 6 of the Lair of Beasts
 16673 | Lair:6   | HP: 5/104 [poisoned by a wolf spider]
 16673 | Lair:6   | Slain by a wolf spider

Illustrated notes

Levels and vault maps discovered:
D:1:      scummos_arrival_forest, layout_rooms,
          shapermc_ecumenical_altar_pompeii
D:2:      layout_basic, uniq_robin
D:3:      layout_loops_corners
D:4:      layout_loops_corners, serial_undead, serial_undead_c, serial_undead_f,
          serial_undead_f, serial_undead_a, serial_undead_c, serial_undead_a,
          serial_undead_d, serial_shops, nicolae_shop_trees
D:5:      layout_loops_ring, kennysheep_path_1, grunt_ministairs_3
D:6:      wad_woods_stonehenge, layout_basic, minmay_temple_entry_glassed_door,
          serial_rivers, chequers_serial_rivers_marsh,
          chequers_serial_rivers_micro_c, chequers_serial_rivers_micro_b,
          chequers_serial_rivers_room_b, chequers_serial_rivers_micro_d,
          chequers_serial_rivers_room_b
D:7:      layout_rooms, serial_shops, shop, kennysheep_generic_room_12
D:8:      layout_cave_pools, nicolae_tso_swordbearing_angel,
          grunt_lair_entry_orc_guard_hut, uniq_gastronok, uniq_erica
D:9:      layout_stronghold, xom_confusion_cloud, vehumet_altar_wand_db
D:10:     layout_basic, general_overflow_altar,
          nicolae_dithmenos_through_a_glass_darkly,
          lemuel_mausoleum_altar_kikubaaqudgha
D:11:     layout_roguey, orc_0_dummy, uniq_erolcha
D:12:     layout_gridville, gammafunk_ghost_necromancy, dk_noncrumbling_4,
          onia_ninara_dug_in_and_dangerous
D:13:     layout_cave_pools, grunt_vaults_entry_tiered, serial_shops,
          kennysheep_mini_moat, special_room [special_room_orc]
Lair:1:   layout_long_grid, serial_bayou_shore_b, infiniplex_staircase_pool,
          uniq_fannar, uniq_nergalle
Lair:2:   layout_regular_city, spider_nest_entry_webs, gammafunk_ghost_grave,
          chequers_serial_rivers_small_3
Lair:3:   layout_roguey [special_room_bee], grunt_megastairs_2,
          lemuel_fruit_tree, infiniplex_staircase_pool_2
Lair:5:   layout_loops_ring, st_stairs_11, roderic_batcave, grunt_megastairs_4
Lair:6:   hellmonk_lair_end_abyssal_woods, layout_long_grid, slime_altar_2,
          gauntlet_entry_generic

Skill      XL: |  1  2  3  4  5  6  7  8  9 10 11 12 13 |
---------------+----------------------------------------+-----
Invocations    | 1 2 3 4 5 6 7 8 9 |  9.3
Long Blades    | 1 2 3 4 5 6 7 8 |  8.5
Axes           | 1 2 3 4 5 6 7 8 |  8.5
Maces & Flails | 1 2 3 4 5 6 7 8 |  8.5
Polearms       | 1 2 3 4 5 6 7 8 |  8.5
Staves         | 1 2 3 4 5 6 7 8 |  8.5
Slings         | 1 2 3 4 5 6 7 8 |  8.5
Bows           | 1 2 3 4 5 6 7 8 |  8.5
Crossbows      | 1 2 3 4 5 6 7 8 |  8.5
Throwing       | 1 2 3 4 5 6 7 8 |  8.5
Dodging        | 1 2 3 4 5 6 7 8 |  8.5
Stealth        | 1 2 3 4 5 6 7 8 |  8.5
Unarmed Combat | 1 2 3 4 5 6 7 8 |  8.5
Spellcasting   | 1 2 3 4 5 6 7 8 |  8.5
Evocations     | 1 2 3 4 5 6 7 8 |  8.5
Conjurations   | 1 2 3 4 5 6 7 |  7.1
Hexes          | 1 2 3 4 5 6 7 |  7.1
Summonings     | 1 2 3 4 5 6 7 |  7.1
Necromancy     | 1 2 3 4 5 6 7 |  7.1
Translocations | 1 2 3 4 5 6 7 |  7.1
Transmutations | 1 2 3 4 5 6 7 |  7.1
Fire Magic     | 1 2 3 4 5 6 7 |  7.1
Ice Magic      | 1 2 3 4 5 6 7 |  7.1
Air Magic      | 1 2 3 4 5 6 7 |  7.1
Earth Magic    | 1 2 3 4 5 6 7 |  7.1
Poison Magic   | 1 2 3 4 5 6 7 |  7.1
Short Blades   | 5 6 7 8 9 |  9.7
Fighting       | 7 8 9 10 | 10.7
Armour         | 7 8 9 10 | 10.7
Shields        | 7 8 9 10 | 10.7

Action                   |  1- 3 |  4- 6 |  7- 9 | 10-12 | 13-15 || total
-------------------------+-------+-------+-------+-------+-------++-------
Melee: Rapier            |   131 |   128 |       |       |       ||   259
       Bite              |     7 |    15 |    32 |    86 |    41 ||   181
       Spear             |       |    42 |   289 |   759 |   272 ||  1362
       Scimitar          |       |       |       |       |     5 ||     5
Throw: Dart              |       |       |     7 |     1 |       ||     8
       Boomerang         |       |       |       |    29 |     1 ||    30
Invok: Disaster Area     |       |       |       |       |     1 ||     1
Evoke: Wand              |       |       |       |     5 |     2 ||     7
  Use: Scroll            |       |     4 |     2 |    17 |     1 ||    24
       Potion            |       |       |       |     1 |       ||     1
 Stab: Petrified         |       |       |       |     1 |       ||     1
Armor: Scale mail        |    36 |    57 |    48 |    23 |       ||   164
       Acid dragon scale |       |       |       |   120 |       ||   120
       Chain mail        |       |       |       |    12 |    69 ||    81
Dodge: Dodged            |    26 |    39 |    46 |   119 |    40 ||   270
       Repelled          |       |       |       |     4 |       ||     4
Block: Kite shield       |    63 |    84 |   222 |   617 |   245 ||  1231
       Reflection        |       |       |     4 |     7 |     2 ||    13
